 Dungeon Crawl Stone Soup version 0.21-a0-538-gd16b88a (webtiles) character file.

33 KeeTraxx the Insei (level 3, -1/23 HPs)
             Began as an Octopode Transmuter on Dec 15, 2017.
             Slain by a goblin
             ... wielding a +0 club
             ... led by Robin
              (4 damage)
             ... on level 2 of the Dungeon.
             The game lasted 00:02:28 (1780 turns).

KeeTraxx the Insei (Octopode Transmuter)            Turns: 1780, Time: 00:02:29

Health: -1/23      AC:  1    Str:  9    XL:     3   Next: 29%
Magic:  5/6        EV: 13    Int: 16    God:
Gold:   82         SH:  0    Dex: 12    Spells: 5/6 levels left

rFire    . . .     SeeInvis .     - Unarmed
rCold    . . .     Gourm    .   (no shield)
rNeg     . . .     Faith    .   (helmet restricted)
rPois    .         Spirit   .   (no amulet)
rElec    .         Reflect  .   (no ring)
rCorr    .         Harm     .   (no ring)
MR       .....                  (no ring)
Stlth    ++........             (no ring)
HPRegen  0.07/turn              (no ring)
MPRegen  0.10/turn              (no ring)
                                (no ring)
                                (no ring)

@: very slightly contaminated
A: almost no armour, stealthy swim, amphibious, 8 rings, constrict 8, camouflage
1, gelatinous body 1
a: no special abilities


You were on level 2 of the Dungeon.
You were hungry.

You visited 1 branch of the dungeon, and saw 2 of its levels.

You collected 82 gold pieces.

Inventory:

Hand Weapons
 b - a +0 hunting sling
 j - a +0 dagger of venom
Missiles
 a - 12 arrows
 s - 37 stones (quivered)
Jewellery
 h - an uncursed ring of resist corrosion {unknown}
Scrolls
 e - a scroll of remove curse {unknown}
 g - 2 scrolls of teleportation {unknown}
 i - 4 scrolls of identify {unknown}
 l - a scroll of immolation {unknown}
 n - a scroll of magic mapping {unknown}
 p - a scroll of amnesia {unknown}
Potions
 f - 3 potions of curing {unknown}
 o - a potion of berserk rage {unknown}
 q - a potion of resistance {unknown}
Books
 r - a book of Changes

   Spells                             Type                      Level
   a - Beastly Appendage              Transmutation                1
   b - Sticks to Snakes               Transmutation                2
   c - Spider Form                    Transmutation/Poison         3
   d - Ice Form                       Ice/Transmutation            4
   e - Blade Hands                    Transmutation                5
Comestibles
 c - a bread ration
 d - a royal jelly
 k - a fruit
 m - a meat ration


   Skills:
 + Level 1.1 Fighting
 - Level 2.0 Dodging
 + Level 3.7 Unarmed Combat
 + Level 2.3 Spellcasting
 + Level 2.3 Transmutations


You had 5 spell levels left.
You knew the following spells:

 Your Spells              Type           Power        Failure   Level  Hunger
a - Beastly Appendage     Tmut           #.....       8%          1    #......


Dungeon Overview and Level Annotations

Branches:
Dungeon (2/15)

Altars:
Nemelex Xobeh

Annotations:
D:2 Robin


Innate Abilities, Weirdness & Mutations

You cannot wear most types of armour.
You are very stealthy in the water. (Stealth+)
You are amphibious.
You can wear up to eight rings at the same time.
You can use your tentacles to constrict eight enemies at once.
Your skin changes colour to match your surroundings (Stealth+).
Your rubbery body absorbs attacks. (AC +1, EV +1)


Message History

Robin is moderately wounded.
You constrict Robin, but do no damage. Robin barely misses you.
The goblin hits you with a club.
You tentacle-slap Robin but do no damage.
Robin is moderately wounded.
You constrict Robin, but do no damage.
The goblin no longer looks unusually strong.
Robin hits you with a trident.
* * * LOW HITPOINT WARNING * * *
You tentacle-slap Robin.
Robin is heavily wounded.
You constrict Robin. The goblin hits you with a club.
* * * LOW HITPOINT WARNING * * *
Robin roars a battlecry!
The goblin goes into a battle-frenzy!
You hear a shout! x3
You tentacle-slap Robin.
Robin is severely wounded.
You constrict Robin. The goblin hits you with a club.
You die...

##.#####.........##. g
.........###........ .
#####.##.# #.###.##. #g
#.##.###.###.### #.
#............# ###.###
####.#...###.# #.....#
#.#.#.###.#
#...$.#######.#.#>.##.#
#..((.gg@g....).......#
#.....#######.#.......#
#.....# #..#.)....#
####### ###.รท....##
#########......#
#...^...#....###
#.#####........# #.#
###.#..#.# ##.#
#.#..#.#


You could see Robin and 2 goblins.

Vanquished Creatures
  An ooze (D:1)
  A worm (D:2)
  4 bats
  A giant cockroach (D:1)
  2 goblins
  3 hobgoblins (D:1)
  2 jackals (D:1)
  7 kobolds
  2 frilled lizards
  A rat (D:2)
24 creatures vanquished.

Notes
Turn   | Place    | Note
-------+----------+-------------------------------------------
     0 | D:1      | KeeTraxx the Octopode Transmuter began the quest for the Orb.
     0 | D:1      | Reached XP level 1. HP: 13/13 MP: 3/3
   183 | D:1      | Reached XP level 2. HP: 18/18 MP: 3/5
   389 | D:1      | Found a sparkling altar of Nemelex Xobeh.
   730 | D:2      | Reached XP level 3. HP: 14/23 MP: 4/6
  1766 | D:2      | Noticed Robin
  1780 | D:2      | Slain by a goblin

Vault maps used:
D:1:      tarquinn_simple_flora_water_e, nemelex_diamond_rough_becter
D:2:      uniq_crazy_yiuf_cottage, uniq_robin, uniq_sigmund

Action                   || total
-------------------------++-------
Melee: Unarmed           ||    53
       Constrict         ||    13
       Kick              ||    10
       Tentacles         ||     7
       Dagger            ||     1
 Fire: Hunting sling     ||    15
 Cast: Beastly Appendage ||    12
  Eat: Chunk             ||     2
Armor: Skin              ||     4
Dodge: Dodged            ||    36

Table legend:
 A = Spawn XP
 B = Non-spawn XP
 C = Spawn XP percentage of total XP
 D = Spawn monster count
 E = Non-spawn monster count
 F = Spawn count percentage of total count
 G = Total turns spent on level
                    A         B        C        D         E        F      G
               +---------+---------+-------+---------+---------+-------+---------
         Total |       0 |      48 |   0.0 |       0 |      24 |   0.0 |  1780
               +---------+---------+-------+---------+---------+-------+---------
           D:1 |       0 |      29 |   0.0 |       0 |      13 |   0.0 |   649
           D:2 |       0 |      19 |   0.0 |       0 |      11 |   0.0 |  1131
               +---------+---------+-------+---------+---------+-------+---------
